 Dungeon Crawl Stone Soup version 0.27.1-4-g1640c2035a (webtiles) character file.

Game seed: 13909153038387047410

680 pkoi the Skirmisher (level 7, -1/63 HPs)
             Began as a Minotaur Fighter on Nov 1, 2021.
             Slain by an orc warrior (3 damage)
             ... on level 5 of the Dungeon.
             The game lasted 00:03:52 (4656 turns).

pkoi the Skirmisher (Minotaur Fighter)              Turns: 4656, Time: 00:03:53

Health: -1/63      AC:  8    Str: 23    XL:     7   Next: 34%
Magic:  6/6        EV:  8    Int:  5    God:
Gold:   198        SH: 10    Dex:  9    Spells: 6/6 levels left

rFire    . . .     SeeInvis .   a - +1 long sword
rCold    . . .     Faith    .   c - +0 kite shield
rNeg     . . .     Spirit   .   b - +0 scale mail
rPois    .         Reflect  .   (helmet restricted)
rElec    .         Harm     .   (no cloak)
rCorr    .         Rampage  .   h - +0 pair of gloves
Will     .....                  (no boots)
Stlth    ..........             (no amulet)
HPRegen  0.20/turn              (no ring)
MPRegen  0.10/turn              (no ring)

@: mighty
A: horns 2, retaliatory headbutt
a: no special abilities


You were on level 5 of the Dungeon.
You visited 1 branch of the dungeon, and saw 5 of its levels.

You collected 198 gold pieces.

Inventory:

Hand Weapons
 a - a +1 long sword (weapon)
Missiles
 f - 32 poisoned darts (quivered)
 j - 18 boomerangs
 l - 2 throwing nets
Armour
 b - a +0 scale mail (worn)
 c - a +0 kite shield (worn)
 h - a +0 pair of gloves (worn)
Jewellery
 o - an amulet of regeneration
Wands
 p - a wand of acid (12)
Scrolls
 e - 3 scrolls of identify
 i - a scroll of enchant weapon
Potions
 g - a potion of ambrosia
 k - 2 potions of attraction {unknown}
 m - 2 potions of curing {unknown}
 n - a potion of mutation {unknown}


   Skills:
 + Level 6.1 Fighting
 + Level 5.2 Long Blades
 + Level 5.9 Armour
 + Level 6.0 Shields


You had 6 spell levels left.
You didn't know any spells.
Your spell library contained the following spells:

 Spells                   Type           Power      Damage    Failure   Level
 Beastly Appendage        Tmut           0%         N/A       99%         1
 Wereblood                Tmut           0%         N/A       99%         2
 Ignite Poison            Fire/Tmut/Pois 0%         N/A       100%        3
 Mephitic Cloud           Conj/Pois/Air  0%         N/A       100%        3
 Spider Form              Tmut/Pois      0%         N/A       100%        3
 Petrify                  Tmut/Erth      0%         N/A       100%        4
 Bolt of Magma            Conj/Fire/Erth 0%         4d4       100%        5
 Metabolic Englaciation   Hex/Ice        0%         N/A       100%        5
 Statue Form              Tmut/Erth      0%         N/A       100%        6


Dungeon Overview and Level Annotations

Branches:
Dungeon (5/15)
 Temple: D:4-7

Altars:
Xom


Innate Abilities, Weirdness & Mutations

You have a pair of horns on your head.
You reflexively headbutt those who attack you in melee.


Message History

* * * LOW HITPOINT WARNING * * *
You hit the orc warrior but do no damage.
Your headbutt misses the orc warrior.
The orc warrior is moderately wounded.
You block the orc warrior's attack.
You hit the orc warrior but do no damage.
The orc warrior is moderately wounded.
The orc warrior hits you with a +0 short sword.
* * * LOW HITPOINT WARNING * * *
The orc warrior hits you with a +0 short sword.
* * * LOW HITPOINT WARNING * * *
You hit the orc warrior. You headbutt the orc warrior.
The orc warrior is heavily wounded.
The orc warrior hits you with a +0 short sword!
* * * LOW HITPOINT WARNING * * *
You hit the orc warrior.
The orc warrior is heavily wounded.
You block the orc warrior's attack.
Your shield prevents you from hitting the orc warrior.
The orc warrior is heavily wounded.
You block the orc warrior's attack.
The orc warrior hits you with a +0 short sword.
* * * LOW HITPOINT WARNING * * *
Unknown command.
You feel very mighty all of a sudden. You block the orc warrior's attack.
You hit the orc warrior but do no damage.
Your headbutt misses the orc warrior.
The orc warrior is heavily wounded.
The orc warrior hits you with a +0 short sword.
* * * LOW HITPOINT WARNING * * *
You closely miss the orc warrior.
The orc warrior is heavily wounded.
You block the orc warrior's attack.
You closely miss the orc warrior. Your headbutt misses the orc warrior.
The orc warrior is heavily wounded.
The orc warrior hits you with a +0 short sword.
* * * LOW HITPOINT WARNING * * *
The orc warrior hits you with a +0 short sword.
You die...

#### ##..##
+....# #...( #
#.o# .# #@##
###. ##### ###
##..## #..
..... ..#
#....####.#
..### ###
##....'.##.#
#....
##+#..##....#
#####
#))########.#
###
#....#######.#
#.##
+....#.......#
#..#
##..##.#######


You could see an orc warrior.

Vanquished Creatures
  A water moccasin (D:4)
  An ogre (D:5)
  A scorpion (D:5)
  A bullfrog (D:4)
  A water moccasin zombie (D:5)
  2 hounds (D:4)
  An orc priest (D:5)
  3 orc wizards (D:5)
  3 adders
  An adder skeleton (D:4)
  3 worms
  2 dart slugs (D:3)
  14 orcs
  7 ball pythons
  6 endoplasms
  4 giant cockroaches
  10 goblins
  11 hobgoblins
  3 kobolds
  5 quokkas
  6 bats
  3 frilled lizards (D:1)
  4 rats (D:1)
93 creatures vanquished.

Notes
Turn   | Place    | Note
-------+----------+-------------------------------------------
     0 | D:1      | pkoi the Minotaur Fighter began the quest for the Orb.
     0 | D:1      | Reached XP level 1. HP: 19/19 MP: 0/0
   260 | D:1      | Reached XP level 2. HP: 22/27 MP: 1/1
   781 | D:1      | Reached XP level 3. HP: 33/33 MP: 2/2
  1189 | D:2      | You fall into a shaft and drop 1 floor!
  2288 | D:3      | Reached XP level 4. HP: 41/41 MP: 3/3
  3178 | D:4      | Noticed a bullfrog
  3183 | D:4      | Killed a bullfrog
  3184 | D:4      | Reached XP level 5. HP: 40/47 MP: 4/4
  3249 | D:4      | Noticed a water moccasin
  3261 | D:4      | Killed a water moccasin
  3262 | D:4      | Reached skill level 5 in Fighting
  3262 | D:4      | Reached skill level 5 in Armour
  3262 | D:4      | Reached skill level 5 in Shields
  3262 | D:4      | Reached XP level 6. HP: 31/56 MP: 5/5
  3677 | D:5      | Entered Level 5 of the Dungeon
  3789 | D:5      | Found a shimmering altar of Xom.
  4090 | D:5      | Reached skill level 5 in Long Blades
  4090 | D:5      | Reached XP level 7. HP: 28/62 MP: 6/6
  4656 | D:5      | HP: 2/63 [orc warrior (3)]
  4656 | D:5      | Slain by an orc warrior

Illustrated notes

Levels and vault maps discovered:
D:1:      nicolae_arrival_somewhat_less_tricky_arrival, layout_basic,
          serial_curves, eino_curves_02, eino_curves_03, minmay_hedge_maze
D:2:      layout_loops_ring
D:3:      layout_basic, minmay_misc_feat_five
D:4:      layout_gridville
D:5:      minmay_bubble_buster, layout_loops_ring, mainiacjoe_overflow_alcove_1,
          sigmund_edmund_badplayer

Skill      XL: |  1  2  3  4  5  6  7 |
---------------+----------------------+-----
Fighting       | 4 5 6 |  6.1
Shields        | 4 5 6 |  6.0
Armour         | 4 5 |  5.9
Long Blades    | 3 4 5 |  5.2

Action                   |  1- 3 |  4- 6 |  7- 9 || total
-------------------------+-------+-------+-------++-------
Melee: Long sword        |   113 |   118 |    25 ||   256
       Headbutt          |    13 |    23 |     3 ||    39
  Use: Scroll            |     8 |       |       ||     8
       Potion            |       |       |     1 ||     1
Armor: Scale mail        |    73 |    51 |     4 ||   128
Dodge: Dodged            |    35 |    37 |     4 ||    76
Block: Kite shield       |    85 |    61 |    14 ||   160
       Rpst.: Long sword |     9 |    10 |       ||    19
